 Dungeon Crawl Stone Soup version 0.31-a0-532-g28f74ba3e5 (webtiles) character file.

Game seed: 8179195294068106553

37 Mickster the Chopper (level 3, -6/33 HPs)
             Began as a Hill Orc Berserker on Aug 13, 2023.
             Was a Believer of Trog.
             Mangled by Terence
             ... wielding a +0 trident
              (7 damage)
             ... on level 2 of the Dungeon.
             The game lasted 00:09:05 (766 turns).

Mickster the Chopper (Hill Orc Berserker)            Turns: 766, Time: 00:09:05

Health: -6/33      AC:  6    Str: 27    XL:     3   Next: 39%
Magic:  3/3        EV: 10    Int:  7    God:    Trog [**....]
Gold:   25         SH:  0    Dex: 10    Spells: 2/2 levels left

rFire   . . .        a - +1 hand axe
rCold   . . .        (no shield)
rNeg    + . .        h - +0 scale mail
rPois   .            (no helmet)
rElec   .            (no cloak)
rCorr   .            (no gloves)
SInv    .            (no boots)
Will    .....        (no amulet) Stlth
                     g - ring of positive energy
HPRegen 0.25/turn    j - +6 ring of strength
MPRegen 0.08/turn

%: no passive effects
@: no status effects
A: no striking features
a: Renounce Religion, Berserk, Trog's Hand


You were on level 2 of the Dungeon.
You worshipped Trog.
Trog was pleased with you.
You visited 1 branch of the dungeon, and saw 2 of its levels.

You collected 25 gold pieces.

Inventory:

Hand Weapons
 a - a +1 hand axe (weapon)
Missiles
 e - 19 stones
Armour
 b - a +0 animal skin
 h - a +0 scale mail (worn)
Jewellery
 g - a ring of positive energy (left hand)
 i - a ring of magical power
 j - a +6 ring of strength (right hand)
Talismans
 f - a beast talisman
Scrolls
 k - a scroll of enchant weapon
Potions
 c - a potion of cancellation {unknown}
 d - a potion of enlightenment {unknown}
 l - a potion of berserk rage {unknown}


   Skills:
 + Level 4.1 Fighting
 * Level 5.0 Axes
 + Level 2.3 Armour
 + Level 1.8 Dodging


You had 2 spell levels left.
You didn't know any spells.
Your spell library was empty.

Dungeon Overview and Level Annotations

Branches:
Dungeon (2/15)

Altars:

Shops:
D:2 (=

Annotations:
D:2 Terence


Message History

* * * LOW HITPOINT WARNING * * *
Terence completely misses you.
Your Axes skill increases to level 5!
You hit the goblin. You punch the goblin.
You kill the goblin!
Trog accepts your kill.
You barely miss the endoplasm. Terence barely misses you.
The endoplasm freezes you.
You are frozen.
* * * LOW HITPOINT WARNING * * *
Terence hits you but does no damage. The endoplasm freezes you.
You are frozen.
* * * LOW HITPOINT WARNING * * *
You hit the endoplasm.
You kill the endoplasm!
Trog accepts your kill.
You can now call upon Trog for regeneration and willpower.
Terence hits you but does no damage.
Found a scroll labelled MOYXOU NOEPS.
Terence hits you from afar with a +0 trident.
* * * LOW HITPOINT WARNING * * *
Terence closely misses you. Terence closely misses you.
You completely miss Terence. Terence closely misses you.
You hit Terence.
Terence is lightly wounded.
Terence says, "How do you enjoy it?" Terence barely misses you.
You hit Terence.
Terence is moderately wounded.
Terence barely misses you.
You hit Terence but do no damage.
Terence is moderately wounded.
Terence hits you with a +0 trident.
* * * LOW HITPOINT WARNING * * *
You hit Terence but do no damage.
Terence is moderately wounded.
Terence hits you with a +0 trident!
You die...

# ....... . # .......
#..# . .......
#.####.#....#..∩....
..##..#..##......?.
#.##...>.##........
#.#.....###@.......
##.........)@.......
#...................
#...........#.......
##.∩.............<...
#..............#...##
.....#............#####
######............#
#..†.......###
#..........#


You could see Terence.

Vanquished Creatures
  An adder (D:2)
  2 bats (D:1)
  4 endoplasms
  A giant cockroach (D:1)
  3 goblins
  A hobgoblin (D:1)
  4 jackals (D:1)
  A quokka (D:1)
  2 ball pythons (D:1)
  A frilled lizard (D:2)
  A kobold (D:1)
  5 rats (D:1)
26 creatures vanquished.

Notes
Turn   | Place    | Note
-------+----------+-------------------------------------------
     0 | D:1      | Mickster the Hill Orc Berserker began the quest for the
                  | Orb.
     0 | D:1      | Reached XP level 1. HP: 19/19 MP: 1/1
   100 | D:1      | Reached XP level 2. HP: 21/27 MP: 2/2
   400 | D:1      | Found a faded altar of an unknown god.
   630 | D:1      | Reached XP level 3. HP: 32/33 MP: 3/3
   721 | D:2      | Found Sexzefesk's Weapon Shoppe.
   741 | D:2      | Found Ewniogh's Jewellery Emporium.
   742 | D:2      | Noticed Terence
   756 | D:2      | Reached skill level 5 in Axes
   758 | D:2      | Reached ** piety under Trog
   759 | D:2      | HP: 1/33 [Terence/+0 trident (3)]
   765 | D:2      | HP: 1/33 [Terence/+0 trident (2)]
   766 | D:2      | Mangled by Terence

Illustrated notes

Levels and vault maps discovered:
D:1:      ldierk_walled_garden_2, layout_basic, ebering_ecumenical_altar_hall,
          due_unseen_surprise
D:2:      layout_rooms, serial_shops, nicolae_shop_rolling_square,
          nicolae_shop_crystal, shop, shop, shop, uniq_terence

Skill      XL: |  1  2  3 |
---------------+----------+-----
Fighting       | 4 |  4.1
Axes           | 5 |  5.0
Armour         | |  2.3
Dodging        | |  1.8

Action                     || total
---------------------------++-------
  Melee: Hand axe          ||    64
         Punch             ||     1
 Invoke: Berserk           ||     1
    Use: Scroll            ||     1
 Armour: Animal skin       ||     5
         Scale mail        ||    14
  Dodge: Dodged            ||    68
   Form: Beast             ||     1
                           ||     1

Table legend: (Time is in decaauts)
 A = Elapsed time spent in this place.
 B = Non-inter-level travel time spent in this place.
 C = Inter-level travel time spent in this place.
 D = Time resting spent in this place.
 E = Time spent auto-exploring this place.
 F = Levels seen in this place.
 G = Mean time per level.
                   A        B        C        D        E       F      G
               +--------+--------+--------+--------+--------+-----+--------+
         Total |    776 |    745 |     31 |      0 |      0 |   2 |  388.0 |
       Dungeon |    776 |    745 |     31 |      0 |      0 |   2 |  388.0 |
               +--------+--------+--------+--------+--------+-----+--------+

Top non-repeatable levels by time:
     D:1: 731 daAuts
     D:2: 45 daAuts
